 Dungeon Crawl Stone Soup version 0.22-a0-293-gc9362ec (webtiles) character file.

3707 mortelune the Frost Mage (level 9, -2/85 HPs)
             Began as a Demonspawn Ice Elementalist on Mar 24, 2018.
             Was a Follower of Ashenzari.
             Slain by a yak (8 damage)
             ... on level 10 of the Dungeon.
             The game lasted 00:37:02 (12310 turns).

mortelune the Frost Mage (DsIE)                    Turns: 12310, Time: 00:37:03

Health: -2/85      AC:  6    Str: 14    XL:     9   Next: 91%
Magic:  7/19       EV: 14    Int: 20    God:    Ashenzari [*.....]
Gold:   395        SH:  0    Dex: 13    Spells: 7/21 levels left

rFire    . . .     SeeInvis .   u - +1 war axe (venom)
rCold    . . .     Gourm    .   (no shield)
rNeg     . . .     Faith    .   a - +0 robe
rPois    +         Spirit   .   m - +0 helmet
rElec    .         Reflect  .   v - +1 cloak (curse)
rCorr    .         Harm     .   (no gloves)
MR       .....                  F - +0 pair of boots
Stlth    ..........             i - amulet of magic regeneration (curse)
HPRegen  0.24/turn              r - ring of poison resistance
MPRegen  0.41/turn              n - ring of stealth

@: berserking, very quick
A: talons 1, repulsion field 1, demonic guardian 1, nightstalker 1
a: Curse Item, Scrying, Renounce Religion


You were on level 10 of the Dungeon.
You worshipped Ashenzari.
Ashenzari was aware of your devotion.
You were near starving.

You visited 2 branches of the dungeon, and saw 11 of its levels.
You also visited: Bailey.

You collected 595 gold pieces.
You spent 200 gold pieces at shops.

Inventory:

Hand Weapons
 b - a +0 dagger
 f - a +1 spear
 o - a +0 blowgun
 u - a +1 war axe of venom (weapon)
Missiles
 q - 14 poisoned needles
 t - 4 throwing nets (quivered)
Armour
 a - a +0 robe (worn)
 m - a +0 helmet (worn)
 v - a cursed +1 cloak (worn)
 F - a +0 pair of boots (worn)
Jewellery
 i - a cursed amulet of magic regeneration (around neck)
 n - a ring of stealth (right hand)
 p - an uncursed ring of fire
 r - a ring of poison resistance (left hand)
Wands
 C - a wand of digging (22)
 I - a wand of polymorph (9)
Scrolls
 d - a scroll of remove curse
 h - 2 scrolls of enchant weapon
 j - a scroll of enchant armour
 k - 3 scrolls of teleportation
 s - 2 scrolls of immolation
 w - 2 scrolls of fog {unknown}
 y - a scroll of holy word {unknown}
 B - a scroll of acquirement {unknown}
 D - a scroll of blinking {unknown}
 E - a scroll of fear {unknown}
 H - a scroll of brand weapon {unknown}
Potions
 g - 5 potions of flight
 l - 3 potions of lignification
 x - 3 potions of magic
 z - 3 potions of agility
 A - 3 potions of mutation
 G - a potion of degeneration {unknown}
Comestibles
 c - 9 rations


   Skills:
 - Level 2.3 Dodging
 - Level 1.7 Stealth
 + Level 6.6 Spellcasting
 + Level 6.7 Conjurations
 - Level 3.1 Summonings
 * Level 9.4 Ice Magic


You had 7 spell levels left.
You knew the following spells:

 Your Spells              Type           Power        Failure   Level  Hunger
a - Freeze                Ice            ####         1%          1    None
b - Throw Frost           Conj/Ice       #####.       1%          2    None
c - Ozocubu's Armour      Chrm/Ice       ####....     4%          3    #......
d - Throw Icicle          Conj/Ice       #####...     3%          4    ###....
e - Summon Ice Beast      Ice/Summ       ####....     8%          4    ###....


Dungeon Overview and Level Annotations

Branches:
Dungeon (10/15)            Temple (1/1) D:5            Lair (0/6) D:10
    Orc: D:9-12

Altars:
Ashenzari
Cheibriados
Dithmenos
Elyvilon
Kikubaaqudgha
Nemelex Xobeh
Okawaru
Qazlal
Sif Muna
Uskayaw
Vehumet
Wu Jian
Xom
Yredelemnul
Zin
The Shining One

Shops:
D:4 =

Annotations:
D:4 2 transporters
D:5 Dowan, Duvessa
D:8 Joseph


Innate Abilities, Weirdness & Mutations

You have sharp toenails.
You are surrounded by a mild repulsion field. (EV +2)
A weak demonic guardian rushes to your aid.
You are slightly more attuned to the shadows.


Message History

Press: ? - help, Shift-Dir - straight line, f - yak
Aim: a yak (moderately wounded)
You freeze the yak.
The yak is heavily wounded.
The yak gores you!
* * * LOW HITPOINT WARNING * * *
Your shadow imp hits the yak.
Casting: Freeze (safe; 1% risk of failure)
Confirm with . or Enter, or press ? or * to list all spells.
Aiming: Freeze (safe; 1% risk of failure)
Press: ? - help, Shift-Dir - straight line, f/p - yak
Aim: a yak (heavily wounded)
You freeze the yak.
The yak is severely wounded.
The yak gores you!
* * * LOW HITPOINT WARNING * * *
Your shadow imp barely misses the yak.
A red film seems to cover your vision as you go berserk!
You feel yourself moving faster!
You feel mighty! The yak gores you!
You die...

#.##########
#.....<....#
##########.#
#.....##.#
#####.###.##.#
...#.# #.##.#
###.#5###.##># # #
#.......#5##.#.#
#.#.##..#..##.Y@...#
#.#........#####.#.#
##.####..#†.# #.#.#
...####(.#).# #.# #
............### #.#
##.#####........#.#
..YY5.....Y>....#.#
##.##############
..Y...Y....


You could see a yak and a friendly shadow imp.

Vanquished Creatures
  2 hippogriffs
  A yak (D:10)
  A water moccasin (D:8)
  3 sky beasts
  2 orc warriors (D:8)
  A phantom (D:7)
  3 ogres
  2 bullfrogs
  A wyvern zombie (D:7)
  2 water moccasin zombies
  2 scorpions
  A crimson imp (D:5)
  A bullfrog zombie (D:9)
  A quasit (D:7)
  2 hounds
  2 orc priests
  A centaur zombie (D:8)
  2 bullfrog skeletons
  2 jellies
  Terence (D:2)
  3 orc wizards
  2 centaur skeletons
  2 iguanas (D:7)
  6 worker ants
  A hound zombie (D:9)
  A hound skeleton (D:7)
  Robin (D:1)
  4 gnolls (D:7)
  11 adders
  A shadow imp (D:6)
  2 oozes
  An adder skeleton (D:7)
  An adder zombie (D:9)
  A worm (D:2)
  2 dart slugs (D:2)
  4 leopard geckos
  9 orcs
  13 bats
  9 giant cockroaches
  21 goblins
  13 hobgoblins
  19 jackals
  10 kobolds
  2 quokkas
  7 ball pythons
  5 frilled lizards
  2 leopard gecko zombies
  A quokka zombie (D:6)
  9 rats
196 creatures vanquished.

Vanquished Creatures (collateral kills)
  A two-headed ogre (D:8)
  2 yaks (D:10)
  An ogre (D:7)
  A bullfrog (D:6)
  A wyvern skeleton (D:7)
  A scorpion (D:5)
  3 bullfrog zombies
  A quasit (D:9)
  An orc priest (D:8)
  A centaur skeleton (D:10)
  A worker ant (D:2)
  A hound skeleton (D:7)
  2 orcs (D:8)
  A giant cockroach (D:8)
18 creatures vanquished.

Grand Total: 214 creatures vanquished

Notes
Turn   | Place    | Note
-------+----------+-------------------------------------------
     0 | D:1      | mortelune the Demonspawn Ice Elementalist began the quest for the Orb.
     0 | D:1      | Reached XP level 1. HP: 13/13 MP: 3/3
   291 | D:1      | Gained mutation: You have sharp toenails. [demonic ancestry]
   291 | D:1      | Reached XP level 2. HP: 15/19 MP: 3/5
   486 | D:1      | Learned a level 2 spell: Throw Frost
   532 | D:1      | Reached skill level 3 in Ice Magic
  1356 | D:1      | Gained mutation: A weak demonic guardian rushes to your aid. [demonic ancestry]
  1356 | D:1      | Reached XP level 3. HP: 23/24 MP: 2/6
  1518 | D:1      | Learned a level 3 spell: Ozocubu's Armour
  1519 | D:2      | Noticed Robin
  2104 | D:2      | Reached XP level 4. HP: 16/30 MP: 4/8
  2750 | D:1      | Killed Robin
  2887 | D:2      | Reached skill level 4 in Ice Magic
  2887 | D:2      | Reached XP level 5. HP: 31/35 MP: 5/9
  2925 | D:2      | Found a radiant altar of Vehumet.
  3274 | D:2      | Noticed Terence
  3295 | D:2      | Killed Terence
  3355 | D:2      | Found a white marble altar of Elyvilon.
  3356 | D:2      | Found a glowing silver altar of Zin.
  3370 | D:2      | Found a stormy altar of Qazlal.
  3371 | D:2      | Found a snail-covered altar of Cheibriados.
  3416 | D:3      | Learned a level 4 spell: Throw Icicle
  4494 | D:3      | You fall through a shaft!
  4511 | D:4      | Found Doiq's Jewellery Shop.
  4523 | D:4      | Bought an uncursed ring of poison resistance for 200 gold pieces
  4528 | D:4      | Found a shadowy altar of Dithmenos.
  4568 | D:4      | Reached XP level 6. HP: 32/41 MP: 7/11
  4645 | D:4      | Found a transporter.
  4656 | D:4      | Found a transporter.
  5174 | D:3      | Found a faded altar of an unknown god.
  5423 | D:4      | Found a sparkling altar of Nemelex Xobeh.
  5580 | D:5      | Entered Level 5 of the Dungeon
  5612 | D:5      | Reached skill level 5 in Ice Magic
  5718 | D:5      | Found a staircase to the Ecumenical Temple.
  5718 | D:5      | Noticed a sky beast
  6107 | D:5      | Killed a sky beast
  6107 | D:5      | Gained mutation: You are slightly more attuned to the shadows. [demonic ancestry]
  6107 | D:5      | Reached XP level 7. HP: 23/46 MP: 8/13
  6109 | Temple   | Entered the Ecumenical Temple
  6118 | Temple   | Became a worshipper of Ashenzari the Shackled
  6443 | D:5      | Noticed Duvessa
  6444 | D:5      | Noticed Dowan
  6791 | D:6      | Found an ornate altar of the Wu Jian Council.
  6976 | D:6      | Found a basalt altar of Yredelemnul.
  7478 | D:6      | Reached skill level 6 in Ice Magic
  7782 | D:6      | Found a deep blue altar of Sif Muna.
  7873 | D:6      | Learned a level 4 spell: Summon Ice Beast
  8152 | D:7      | Gained mutation: You are surrounded by a mild repulsion field. (EV +2) [demonic ancestry]
  8152 | D:7      | Reached XP level 8. HP: 52/52 MP: 3/15
  8304 | D:7      | Reached skill level 1 in Summonings
  8549 | D:7      | Found a glowing golden altar of the Shining One.
  8817 | D:7      | Reached skill level 5 in Spellcasting
  8817 | D:7      | Reached skill level 7 in Ice Magic
  9634 | D:7      | Found a hide-covered altar of Uskayaw.
  9758 | D:8      | Found a flagged portal.
  9777 | Bailey   | Entered a bailey
  9794 | Bailey   | Noticed an orc knight
  9848 | D:8      | Reached skill level 5 in Conjurations
  9983 | D:8      | Noticed a two-headed ogre
  9997 | D:8      | Killed a two-headed ogre
  9997 | D:8      | Reached XP level 9. HP: 8/57 MP: 2/17
 10388 | D:8      | Reached * piety under Ashenzari
 10490 | D:8      | Reached skill level 8 in Ice Magic
 11139 | D:8      | Noticed Joseph
 12017 | D:9      | Reached skill level 9 in Ice Magic
 12160 | D:10     | Entered Level 10 of the Dungeon
 12183 | D:10     | Found a staircase to the Lair.
 12310 | D:10     | Slain by a yak

Vault maps used:
D:1:      lemuel_arrival_funnel, kennysheep_nondescript
D:2:      grunt_temple_overflow_open, first_ration, minmay_ruptured,
          uniq_terence, uniq_robin
D:3:      chequers_ecumenical_altar_simple, minmay_shallow_snake_nest
D:4:      gammafunk_steamed_eel, old_standard_altar, kennysheep_little_box,
          serial_shops, nicolae_shop_crystal
D:5:      tgw_fedhas, temple_pool_b, uniq_duvessa
D:6:      overflow_temple_1_default, overflow_temple_1_default,
          lemuel_doored_altar, grunt_decor_arrowhead
D:7:      kennysheep_mini_moat, overflow_temple_1_default
D:8:      enter_bailey_3, minmay_sticks_and_stones
D:9:      grunt_ogre_cave
D:10:     minmay_the_grid_triangle_9x9_rhombus_full
Temple:   chequers_temple_sunken
Bailey:   bailey_axe_of_yendor_kennysheep, bailey

Skill      XL: |  1  2  3  4  5  6  7  8  9 |
---------------+----------------------------+-----
Dodging        | 2 |  2.3
Ice Magic      | 3 4 5 6 7 9 |  9.4
Spellcasting   | 3 4 5 6 |  6.6
Conjurations   | 2 3 4 5 6 |  6.7
Summonings     | 3 |  3.1
Stealth        | |  1.7

Action                   |  1- 3 |  4- 6 |  7- 9 || total
-------------------------+-------+-------+-------++-------
Melee: Dagger            |    10 |       |       ||    10
       Spear             |     3 |    21 |    70 ||    94
       Kick              |     3 |     6 |     5 ||    14
       War axe           |       |       |    24 ||    24
 Fire: Blowgun           |       |     1 |       ||     1
Throw: Throwing net      |       |     1 |       ||     1
 Cast: Freeze            |    40 |    97 |    92 ||   229
       Throw Frost       |    18 |    84 |    72 ||   174
       Ozocubu's Armour  |       |     3 |    20 ||    23
       Throw Icicle      |       |     1 |    78 ||    79
       Summon Ice Beast  |       |       |    13 ||    13
Invok: Curse Item        |       |       |     2 ||     2
  Use: Scroll            |       |     8 |     6 ||    14
       Potion            |       |       |     3 ||     3
 Stab: Sleeping          |       |       |     1 ||     1
  Eat: Chunk             |     4 |    15 |    13 ||    32
       Ration            |       |     1 |     6 ||     7
Armor: Robe              |    10 |    36 |   123 ||   169
Dodge: Dodged            |    39 |    65 |   259 ||   363

Table legend:
 A = Spawn XP
 B = Non-spawn XP
 C = Spawn XP percentage of total XP
 D = Spawn monster count
 E = Non-spawn monster count
 F = Spawn count percentage of total count
 G = Total turns spent on level
                    A         B        C        D         E        F      G
               +---------+---------+-------+---------+---------+-------+---------
         Total |       0 |    5297 |   0.0 |       0 |     214 |   0.0 | 12310
               +---------+---------+-------+---------+---------+-------+---------
           D:1 |       0 |      63 |   0.0 |       0 |      29 |   0.0 |  2324
           D:2 |       0 |     198 |   0.0 |       0 |      42 |   0.0 |  1213
           D:3 |       0 |     114 |   0.0 |       0 |      34 |   0.0 |  1195
           D:4 |       0 |     145 |   0.0 |       0 |      12 |   0.0 |  1219
           D:5 |       0 |     336 |   0.0 |       0 |      13 |   0.0 |   570
           D:6 |       0 |     482 |   0.0 |       0 |      18 |   0.0 |  1390
           D:7 |       0 |     940 |   0.0 |       0 |      24 |   0.0 |  1927
           D:8 |       0 |    1684 |   0.0 |       0 |      24 |   0.0 |  1193
           D:9 |       0 |     690 |   0.0 |       0 |      13 |   0.0 |   944
          D:10 |       0 |     645 |   0.0 |       0 |       5 |   0.0 |   150
               +---------+---------+-------+---------+---------+-------+---------
